 Dungeon Crawl Stone Soup version 0.27-a0-1065-ge809cff456 (webtiles) character file.

Game seed: 3854365270747275507

69 tardwrangler69 the Digger (level 4, 0/27 HPs)
             Began as an Octopode Earth Elementalist on Apr 23, 2021.
             Was an Initiate of Ru.
             Succumbed to a hornet's poison
             ... on level 4 of the Dungeon.
             The game lasted 00:02:24 (2803 turns).

tardwrangler69 the Digger (OpEE)                    Turns: 2803, Time: 00:02:25

Health: 0/27       AC:  1    Str:  7    XL:     4   Next: 20%
Magic:  3/8        EV: 13    Int: 18    God:    Ru [......]
Gold:   108        SH:  0    Dex: 12    Spells: 7/8 levels left

rFire    . . .     SeeInvis .   j - +1 dagger (holy)
rCold    . . .     Faith    .   (no shield)
rNeg     . . .     Spirit   .   (helmet restricted)
rPois    .         Reflect  .   (no amulet)
rElec    .         Harm     .   (no ring)
rCorr    .         Rampage  .   (no ring)
Will     .....                  (no ring)
Stlth    +++.......             (no ring)
HPRegen  0.09/turn              (no ring)
MPRegen  0.11/turn              (no ring)
                                (no ring)
                                (no ring)

@: lethally poisoned (0 -> -9), invisible
A: almost no armour, amphibious, 8 rings, camouflage 1, gelatinous body 1,
(nimble swimmer 1), tentacles
a: Renounce Religion


You were on level 4 of the Dungeon.
You worshipped Ru.
Ru was noncommittal.
You visited 1 branch of the dungeon, and saw 4 of its levels.

You collected 108 gold pieces.

Inventory:

Hand Weapons
 j - a +1 dagger of holy wrath (weapon)
Missiles
 b - 100 stones
Scrolls
 c - a scroll of vulnerability {unknown}
 d - 2 scrolls of identify {unknown}
 g - a scroll of teleportation {unknown}
 m - 2 scrolls of enchant armour {unknown}
 n - a scroll of holy word {unknown}
 o - a scroll of fog {unknown}
Potions
 a - a potion of invisibility
 e - a potion of flight {unknown}
 f - a potion of mutation {unknown}
 h - a potion of heal wounds {unknown}
 i - a potion of attraction {unknown}
 k - a potion of resistance {unknown}
 l - a potion of lignification {unknown}


   Skills:
 - Level 2.0 Dodging
 - Level 2.6 Stealth
 + Level 2.8 Spellcasting
 - Level 1.0 Transmutations
 * Level 4.3 Earth Magic


You had 7 spell levels left.
You knew the following spells:

 Your Spells              Type           Power      Damage    Failure   Level
a - Sandblast             Erth           36%        2d10      2%          1

Your spell library contained the following spells:

 Spells                   Type           Power      Damage    Failure   Level
 Passwall                 Tmut/Erth      10%        N/A       9%          2
 Stone Arrow              Conj/Erth      20%        3d8       21%         3
 Confusing Touch          Hex            2%         N/A       45%         3
 Gell's Gravitas          Tloc           1%         N/A       45%         3
 Petrify                  Tmut/Erth      12%        N/A       50%         4
 Lee's Rapid Deconstruct  Erth           9%         3d8*      58%         5
 Yara's Violent Unravell  Hex/Tmut       2%         3d3       98%         5
 Metabolic Englaciation   Hex/Ice        1%         N/A       99%         5


Dungeon Overview and Level Annotations

Branches:
Dungeon (4/15)
 Temple: D:4-7

Altars:
Ru

Shops:
D:3 (

Annotations:
D:3 exclusion: downstairs
D:4 Grinder


Innate Abilities, Weirdness & Mutations

You cannot wear most types of armour.
You are amphibious.
You can wear up to eight rings at the same time.
Your skin changes colour to match your surroundings (Stealth+).
Your rubbery body absorbs attacks. (AC +1, EV +1)
((You are camouflaged near water. (Stealth+)))
You have tentacles for arms and can constrict up to eight enemies at once.


Message History

Press: ? - help, Shift-Dir - straight line, f/p - hornet
Aim: a hornet (moderately wounded, 69% to hit)
The blast of sand hits the hornet.
The hornet is moderately wounded.
The hornet stings you.
You feel yourself slow down. The hornet barely misses you.
Casting: Sandblast (safe; 2% risk of failure)
Confirm with . or Enter, or press ? or * to list all spells.
Aiming: Sandblast (safe; 2% risk of failure)
Press: ? - help, Shift-Dir - straight line, f/p - hornet
Aim: a hornet (moderately wounded, 69% to hit)
The blast of sand hits the hornet.
The hornet is moderately wounded.
The hornet misses you. The hornet closely misses you.
Casting: Sandblast (safe; 2% risk of failure)
Confirm with . or Enter, or press ? or * to list all spells.
Aiming: Sandblast (safe; 2% risk of failure)
Press: ? - help, Shift-Dir - straight line, f/p - hornet
Aim: a hornet (moderately wounded, 69% to hit)
The blast of sand hits the hornet but does no damage.
The hornet is moderately wounded.
You feel yourself speed up. The hornet stings you!
You are lethally poisoned!
You feel yourself slow down. The hornet barely misses you.
Casting: Sandblast (safe; 2% risk of failure)
Confirm with . or Enter, or press ? or * to list all spells.
Aiming: Sandblast (safe; 2% risk of failure)
Press: ? - help, Shift-Dir - straight line, f/p - hornet
Aim: a hornet (moderately wounded, 69% to hit)
The blast of sand hits the hornet but does no damage.
The hornet is moderately wounded.
* * * LOW HITPOINT WARNING * * *
You feel very sick. The hornet completely misses you. The hornet stings you.
* * * LOW HITPOINT WARNING * * *
You feel as though you will be slow longer.
It was a potion of invisibility.
You fade into invisibility!
You feel yourself speed up.
You die...

....[...# ........#
........# ........#
#.# #y# #.#
#.##########.#######
.......@y...........
.................###
#######..........#
#..........#
#..........#
#..........#
############


You could see a hornet.

Vanquished Creatures
  Jessica (D:2)
  An adder (D:3)
  A dart slug (D:1)
  5 endoplasms
  3 giant cockroaches
  4 goblins
  4 hobgoblins
  4 bats (D:1)
  A frilled lizard (D:1)
  3 kobolds (D:1)
  2 rats
29 creatures vanquished.

Notes
Turn   | Place    | Note
-------+----------+-------------------------------------------
     0 | D:1      | tardwrangler69 the Octopode Earth Elementalist began the
                  | quest for the Orb.
     0 | D:1      | Reached XP level 1. HP: 11/11 MP: 3/3
   110 | D:1      | Reached XP level 2. HP: 6/17 MP: 0/5
  1283 | D:2      | Found a faded altar of an unknown god.
  1294 | D:2      | Reached XP level 3. HP: 21/21 MP: 6/6
  1459 | D:2      | Found a sacrificial altar of Ru.
  1500 | D:2      | Became a worshipper of Ru the Awakened
  1521 | D:2      | Noticed Jessica
  1526 | D:2      | Killed Jessica
  1527 | D:2      | Reached skill level 4 in Earth Magic
  2023 | D:3      | Reached XP level 4. HP: 12/27 MP: 6/8
  2257 | D:3      | Found Ofriggei's Antique Weapon Shop.
  2732 | D:4      | Noticed Grinder
  2732 | D:4      | Noticed a hornet
  2803 | D:4      | Succumbed to a hornet's poison

Illustrated notes

Levels and vault maps discovered:
D:1:      dpeg_arrival_more_subterranean_lakeside_camping, layout_basic,
          serial_bayou_pond_a
D:2:      layout_loops_ring, ebering_ecumenical_altar_abandoned, basic_altar,
          uniq_jessica
D:3:      layout_basic, serial_shops,
          nicolae_shop_temple_entry_statues_fountains
D:4:      layout_rooms, bh_walls_and_bars, uniq_natasha, uniq_grinder

Skill      XL: |  1  2  3 |
---------------+----------+-----
Earth Magic    | 4 |  4.3
Dodging        | |  2.0
Stealth        | |  2.6
Spellcasting   | |  2.8
Transmutations | |  1.0

Action                   |  1- 3 |  4- 6 || total
-------------------------+-------+-------++-------
Melee: Unarmed           |     9 |       ||     9
       Constrict         |    17 |     1 ||    18
       Dagger            |    45 |     3 ||    48
       Tentacles         |     8 |     1 ||     9
 Cast: Sandblast         |     8 |     6 ||    14
  Use: Potion            |       |     1 ||     1
 Stab: Sleeping          |     8 |     1 ||     9
Armor: Skin              |     8 |       ||     8
Dodge: Dodged            |    22 |     8 ||    30

Table legend: (Time is in decaauts)
 A = Elapsed time spent in this place.
 B = Non-inter-level travel time spent in this place.
 C = Inter-level travel time spent in this place.
 D = Time resting spent in this place.
 E = Time spent auto-exploring this place.
 F = Levels seen in this place.
 G = Mean time per level.
                   A        B        C        D        E       F      G
               +--------+--------+--------+--------+--------+-----+--------+
         Total |   2803 |   2708 |     95 |      0 |   2467 |   4 |  700.8 |
       Dungeon |   2803 |   2708 |     95 |      0 |   2467 |   4 |  700.8 |
               +--------+--------+--------+--------+--------+-----+--------+

Top non-repeatable levels by time:
     D:1: 1282 daAuts
     D:3: 806 daAuts
     D:2: 688 daAuts
     D:4: 26 daAuts
